 Dungeon Crawl Stone Soup version 0.28-a0-851-g8b9cc49659 (webtiles) character file.

Game seed: 12519249790740198847

417 croobank the Covert (level 6, -3/43 HPs)
             Began as an Octopode Delver on Nov 14, 2021.
             Was an Initiate of Ashenzari.
             Slain by Pikel (7 damage)
             ... on level 5 of the Dungeon.
             The game lasted 00:22:38 (4248 turns).

croobank the Covert (Octopode Delver)               Turns: 4248, Time: 00:22:43

Health: -3/43      AC:  1    Str: 13    XL:     6   Next: 92%
Magic:  17/17      EV: 18    Int: 19    God:    Ashenzari [......]
Gold:   188        SH:  5    Dex: 18    Spells: 5/7 levels left

rFire   . . .      SeeInvis .   o - +2 spear (freeze)
rCold   . . .      Faith    .   (no shield)
rNeg    . . .      Spirit   .   (helmet restricted)
rPois   .          Reflect  +   q - amulet "Ixteffa" {Reflect Harm *Corrode Int+7 Dex+4 SH+5}
rElec   .          Harm     +   g - +4 ring of evasion
rCorr   .          Rampage  .   t - ring of magical power
Will    .....                   (no ring)
Stlth   +++++.....              (no ring)
HPRegen 0.14/turn               (no ring)
MPRegen 0.15/turn               (no ring)
                                (no ring)
                                (no ring)

@: no status effects
A: almost no armour, amphibious, 8 rings, camouflage 1, gelatinous body 1,
(nimble swimmer 1), tentacles
a: Renounce Religion, Curse Item


You were on level 5 of the Dungeon.
You worshipped Ashenzari.
Ashenzari was noncommittal.
You visited 1 branch of the dungeon, and saw 5 of its levels.

You collected 188 gold pieces.

Inventory:

Hand Weapons
 k - a +0 dagger
 o - a +2 spear of freezing (weapon)
Missiles
 l - 136 stones
Jewellery
 g - a +4 ring of evasion (left tentacle)
 q - the amulet "Ixteffa" (around mantle) {Reflect Harm *Corrode Int+7 Dex+4 SH+5}
   (You acquired it on level 4 of the Dungeon)

   [amulet of reflection]

   It reflects blocked missile attacks.
   Int:       It affects your intelligence (+7).
   Dex:       It affects your dexterity (+4).
   *Corrode:  It may corrode you when you take damage.
   SH:        It affects your SH (+5).
   Harm:      It increases damage dealt and taken.
 t - a ring of magical power (right tentacle)
Wands
 f - a wand of digging (3)
 j - a wand of iceblast (2)
 n - a wand of flame (20)
 p - a wand of paralysis (5)
Scrolls
 a - a scroll of teleportation
 b - 2 scrolls of fog
 c - a scroll of magic mapping
Potions
 d - a potion of brilliance {unknown}
 e - 2 potions of ambrosia {unknown}
 i - a potion of flight
 m - 2 potions of haste
 r - 2 potions of attraction {unknown}
 s - a potion of resistance {unknown}


   Skills:
 + Level 4.1 Fighting
 - Level 2.4(3.0) Axes
 * Level 2.7(3.2) Polearms
 + Level 2.5 Dodging
 + Level 9.1 Stealth
 * Level 1.4 Spellcasting
 + Level 0.2 Necromancy
 + Level 0.8 Evocations


You had 5 spell levels left.
You knew the following spells:

 Your Spells              Type           Power      Damage    Failure   Level
a - Pain                  Necr           8%         1d4       16%         1
b - Slow                  Hex            4%         N/A       19%         1

Your spell library contained the following spells:

 Spells                   Type           Power      Damage    Failure   Level
 Animate Skeleton         Necr           4%         N/A       16%         1
 Vampiric Draining        Necr           2%         2d6       43%         3
 Confusing Touch          Hex            1%         N/A       47%         3
 Malign Gateway           Summ/Tloc      0%         N/A       100%        7
 Summon Horrible Things   Summ           0%         N/A       100%        8


Dungeon Overview and Level Annotations

Branches:
Dungeon (5/15)
 Temple: D:4-7

Altars:
Ashenzari

Shops:
D:3 (

Annotations:
D:5 Pikel


Innate Abilities, Weirdness & Mutations

You cannot wear most types of armour.
You are amphibious.
You can wear up to eight rings at the same time.
Your skin changes colour to match your surroundings (Stealth+).
Your rubbery body absorbs attacks. (AC +1, EV +1)
((You are camouflaged near water. (Stealth+)))
You have tentacles for arms and can constrict up to eight enemies at once.


Message History

You hear a shout!
The lemure shouts!
A lemure comes into view.
The lemure hits you.
You closely miss the lemure. You grab the lemure. You constrict the lemure.
The lemure misses you. The lemure barely misses you.
You hit Pikel. You grab Pikel.
Pikel is lightly wounded.
You constrict Pikel, but do no damage.
You constrict the lemure, but do no damage.
Pikel completely misses you. The lemure hits you.
You hit Pikel. You squeeze Pikel, but do no damage.
Pikel is moderately wounded.
You constrict Pikel, but do no damage. You constrict the lemure.
You block the lemure's attack. The lemure closely misses you.
Pikel completely misses you.
You hit Pikel but do no damage.
Pikel is moderately wounded.
You constrict Pikel. You constrict the lemure. The lemure hits you.
The lemure misses you. Pikel closely misses you.
The lemure completely misses you.
You hit Pikel.
Pikel is heavily wounded.
You constrict Pikel, but do no damage. You constrict the lemure.
The lemure struggles to escape constriction.
You block the lemure's attack. The lemure barely misses you.
Pikel hits you with a +1 whip of freezing.
Pikel freezes you.
You feel better.
You constrict Pikel. You constrict the lemure. The lemure hits you.
You block the lemure's attack. The lemure hits you.
Pikel hits you with a +1 whip of freezing!
Pikel freezes you.
* * * LOW HITPOINT WARNING * * *
You hit Pikel.
Pikel is heavily wounded.
You constrict Pikel. You constrict the lemure.
The lemure struggles to escape constriction.
The lemure hits you!
* * * LOW HITPOINT WARNING * * *
Pikel hits you with a +1 whip of freezing.
You die...

##### .##
#####..... ....
.........
.....###........
###...5#<.#.###
.....55@5.......
......K...#.####
######.#..# ..
#.#..# ...
#.#.## .. #.#..
. #.### #.


You could see Pikel and 4 lemures.

Vanquished Creatures
  Grinder (D:4)
  Ijyb (D:4)
  Natasha (thrice) (D:4)
  An iguana (D:4)
  A hound skeleton (D:4)
  A howler monkey skeleton (D:4)
  2 adders (D:2)
  4 worms
  2 dart slugs
  3 ball pythons
  3 bats
  4 endoplasms
  3 giant cockroaches
  2 goblins
  3 hobgoblins
  5 jackals
  2 quokkas
  3 frilled lizards
  3 kobolds
47 creatures vanquished.

Notes
Turn   | Place    | Note
-------+----------+-------------------------------------------
     0 | D:5      | croobank the Octopode Delver began the quest for the Orb.
     0 | D:5      | Reached XP level 1. HP: 16/16 MP: 1/1
    12 | D:5      | Noticed a jelly
   102 | D:4      | Noticed Grinder
   125 | D:4      | Paralysed by Grinder for 2 turns
   156 | D:4      | Paralysed by Grinder for 6 turns
   557 | D:3      | Found a broken altar of Ashenzari.
   567 | D:3      | Became a worshipper of Ashenzari the Shackled
   886 | D:1      | Reached XP level 2. HP: 21/21 MP: 2/2
   928 | D:1      | Reached skill level 7 in Stealth
  1308 | D:1      | Found a faded altar of an unknown god.
  1702 | D:2      | Reached XP level 3. HP: 19/26 MP: 3/3
  2030 | D:2      | Learned a level 1 spell: Pain
  2032 | D:2      | Learned a level 1 spell: Slow
  2327 | D:3      | Found Souskoij's Weapon Emporium.
  2352 | D:3      | Reached XP level 4. HP: 31/31 MP: 4/4
  2749 | D:3      | Reached skill level 8 in Stealth
  2945 | D:4      | Noticed Natasha
  2956 | D:4      | Killed Natasha
  2957 | D:4      | Reached skill level 1 in Polearms
  3219 | D:4      | Noticed Ijyb
  3222 | D:4      | Paralysed by Ijyb for 5 turns
  3233 | D:4      | Killed Ijyb
  3234 | D:4      | Reached XP level 5. HP: 32/36 MP: 2/5
  3327 | D:4      | Identified a scroll of acquirement
  3327 | D:4      | Acquired the amulet "Ixteffa" {Reflect Harm *Corrode Int+7
                  | Dex+4 SH+5}
  3377 | D:4      | Killed Grinder
  3378 | D:4      | Reached skill level 9 in Stealth
  3378 | D:4      | Reached skill level 1 in Spellcasting
  3378 | D:4      | Reached XP level 6. HP: 16/43 MP: 5/7
  3597 | D:4      | Noticed Natasha
  3689 | D:4      | Killed Natasha
  4207 | D:4      | Noticed Natasha
  4214 | D:4      | Killed Natasha
  4239 | D:5      | Noticed Pikel
  4248 | D:5      | Slain by Pikel

Illustrated notes

Levels and vault maps discovered:
D:1:      dpeg_arrival_tiny_c, layout_loops_ring, serial_forest,
          infiniplex_forest_zigzag_1, infiniplex_forest_lined_room_2,
          infiniplex_forest_lined_3_way, infiniplex_forest_lined_2,
          infiniplex_forest_lined_2, infiniplex_forest_clump_small,
          infiniplex_forest_clump_small, infiniplex_forest_clump_tiny,
          infiniplex_forest_clump_large, infiniplex_forest_clump_medium,
          ebering_ecumenical_altar_abandoned, minmay_stone_trees_small,
          corexii_item_surrounded_by_moat
D:2:      layout_loops_ring, minmay_tetromino_o2
D:3:      layout_basic, cheibrodos_ashenzari_chains, serial_shops, shop
D:4:      layout_loops_corners, grunt_decor_resistance, corexii_shack,
          uniq_grinder, uniq_natasha, uniq_ijyb
D:5:      kennysheep_slugbush, layout_basic, minmay_temple_entry_grid,
          uniq_pikel

Skill      XL: |  1  2  3  4  5  6 |
---------------+-------------------+-----
Stealth        | 7 8 9 |  9.1
Polearms       | 1 2 |  2.7
Spellcasting   | 1 |  1.4
Fighting       | 4 |  4.1
Axes           | |  2.4
Dodging        | |  2.5
Necromancy     | |  0.2
Evocations     | |  0.8

Action                   |  1- 3 |  4- 6 || total
-------------------------+-------+-------++-------
Melee: Hand axe          |    61 |     6 ||    67
       Constrict         |    13 |    15 ||    28
       Tentacles         |    10 |    15 ||    25
       Spear             |       |    49 ||    49
 Cast: Pain              |       |     2 ||     2
       Slow              |       |     1 ||     1
Invok: Curse Item        |     1 |       ||     1
       Shatter the Chain |       |     1 ||     1
Evoke: Wand              |       |     8 ||     8
  Use: Potion            |     3 |     1 ||     4
       Scroll            |     6 |     1 ||     7
 Stab: Sleeping          |    15 |     8 ||    23
       Distracted        |     1 |       ||     1
Armor: Skin              |     1 |     1 ||     2
Dodge: Dodged            |    35 |    31 ||    66
Block: Other             |       |     4 ||     4

Table legend: (Time is in decaauts)
 A = Elapsed time spent in this place.
 B = Non-inter-level travel time spent in this place.
 C = Inter-level travel time spent in this place.
 D = Time resting spent in this place.
 E = Time spent auto-exploring this place.
 F = Levels seen in this place.
 G = Mean time per level.
                   A        B        C        D        E       F      G
               +--------+--------+--------+--------+--------+-----+--------+
         Total |   4243 |   4154 |     89 |    780 |   2683 |   5 |  848.6 |
       Dungeon |   4243 |   4154 |     89 |    780 |   2683 |   5 |  848.6 |
               +--------+--------+--------+--------+--------+-----+--------+

Top non-repeatable levels by time:
     D:4: 1540 daAuts
     D:3: 927 daAuts
     D:1: 915 daAuts
     D:2: 824 daAuts
     D:5: 36 daAuts
